AoeStats
← dolt34

African Clearing

506302299Analyzed
2v2 RM · 19d ago on Sep 13, 2026· 52m 42s· 4 players
Game mode
Random Map
Map size
Medium (4 player)
Population
200
Speed
Normal
Resources
Standard
Victory
Conquest
Starting age
Dark Age
Ending age
Imperial Age
RankedLock teamsTeams togetherTeam positionsShared explorationLock speedFull tech treeHidden civsTurbo modeCheats
Victory
Defeat
🇺🇸 Aztecs · United States
1170
+18
🇺🇸 Tupi · United States
1168
+18
🇦🇷 Slavs · Argentina
1253
-19
🇺🇸 Bengalis · United States
1180
-17
RootBeer
12:35 Loom
14:33 Feudal Age
19:02 Castle Age
17:06 Padded Archer Armor
17:28 Fletching
19:55 Bodkin Arrow
26:21 Double-Bit Axe
26:48 Man-at-Arms
36:16 Imperial Age
33:23 Long Swordsman
34:26 Scale Mail Armor
36:30 Two-Handed Swordsman
41:29 Chain Mail Armor
42:51 Paiks
44:13 Wheelbarrow
43:27 Heavy Scorpion
46:26 Chemistry
45:04 Champion
46:24 Forging
46:31 Masonry
48:06 Squires
48:50 Iron Casting
49:15 Squires
52:01 Blast Furnace
FM-TheVoid
4:39 Loom
14:29 Feudal Age
15:04 Double-Bit Axe
19:51 Castle Age
18:28 Horse Collar
25:40 Wheelbarrow
25:07 Gold Mining
26:42 Man-at-Arms
28:01 Bow Saw
27:56 Heavy Plow
33:16 Imperial Age
31:04 Forging
31:24 Stone Mining
31:03 Long Swordsman
31:45 Squires
32:41 Scale Mail Armor
34:12 Iron Casting
33:39 Two-Handed Swordsman
36:21 Chain Mail Armor
35:47 Light Cavalry
36:34 Scale Barding Armor
38:13 Husbandry
38:41 Hussar
39:58 Hand Cart
41:00 Chain Barding Armor
42:35 Blast Furnace
42:12 Bloodlines
43:29 Plate Barding Armor
44:31 Plate Mail Armor
43:58 Fletching
43:31 Champion
49:13 Capped Ram
50:08 Siege Ram
51:14 Padded Archer Armor
dolt34
6:37 Loom
12:14 Feudal Age
12:40 Feudal Age
16:58 Castle Age
16:08 Scale Mail Armor
15:50 Champi Runner
17:06 Double-Bit Axe
18:12 Squires
18:01 Champi Warrior
22:58 Bow Saw
23:23 Fletching
24:55 Wheelbarrow
23:48 Pikeman
27:06 Town Watch
29:11 Horse Collar
29:22 Gold Mining
31:44 Elite Skirmisher
35:52 Imperial Age
34:46 Chain Mail Armor
34:27 Bodkin Arrow
34:32 Padded Archer Armor
34:43 Forging
34:59 Ballistics
36:57 Heavy Plow
37:29 Bracer
38:01 Conscription
37:59 Elite Blackwood Archer
39:05 Leather Archer Armor
40:39 Two-Man Saw
39:30 Stone Mining
40:08 Conscription
40:16 Halberdier
42:33 Curare
44:15 Iron Casting
44:10 Plate Mail Armor
44:10 Ring Archer Armor
44:22 Hand Cart
45:21 Caciques
49:32 Hoardings
49:46 Arson
49:38 Elite Ibirapema Warrior
basileus
6:09 Loom
14:37 Feudal Age
19:56 Castle Age
20:41 Double-Bit Axe
20:37 Horse Collar
21:46 Squires
22:34 Pikeman
24:50 Bow Saw
24:44 Herbal Medicine
24:57 Gold Mining
27:43 Fervor
27:56 Sanctity
30:06 Wheelbarrow
29:17 Town Watch
29:09 Eagle Warrior
30:46 Scale Mail Armor
30:57 Forging
33:09 Chain Mail Armor
34:44 Hand Cart
37:45 Imperial Age
35:19 Arson
36:30 Iron Casting
36:09 Man-at-Arms
36:42 Gambesons
36:48 Fletching
37:06 Long Swordsman
37:35 Crossbowman
38:12 Bodkin Arrow
38:08 Two-Handed Swordsman
39:24 Block Printing
39:38 Illumination
41:59 Stone Mining
43:34 Elite Eagle Warrior
45:17 Blast Furnace
44:54 Plate Mail Armor
44:50 Champion
45:32 Bracer
46:32 Stone Shaft Mining
46:36 Gold Shaft Mining
46:12 Heavy Plow
46:56 Elite Skirmisher
47:38 Padded Archer Armor
48:12 Arbalester
49:08 Leather Archer Armor
50:12 Conscription
50:25 Garland Wars
50:28 Conscription
Connection lost

Rejoining the realm…

Still unreachable

The connection could not be restored.

Session expired

The server has moved on; the page needs a fresh start.